 Dungeon Crawl Stone Soup version 0.29-a0-459-g97dee8cd24 (webtiles) character file.

Game seed: 4048530691882862234

23608 jlumianski the Carver (level 12, -8/94 HPs)
             Began as a Demonspawn Fighter on May 19, 2022.
             Was a High Priest of Wu Jian.
             Killed by divine providence
             ... invoked by a meliai
              (14 damage)
             ... on level 13 of the Dungeon on May 20, 2022.
             The game lasted 01:18:25 (16105 turns).

jlumianski the Carver (Demonspawn Fighter)         Turns: 16105, Time: 01:18:28

Health: -8/94      AC: 16    Str: 18    XL:     12   Next: 73%
Magic:  12/12      EV: 15    Int: 10    God:    Wu Jian [*****.]
Gold:   932        SH:  8    Dex: 20    Spells: 11/11 levels left

rFire   . . .      SeeInvis .   E - +7 scimitar of the Median {spect, rCorr Dex+4}
rCold   . . .      Faith    .   W - +2 buckler
rNeg    . . .      Spirit   .   A - +5 ring mail of Follow the Leader {Harm rPois rC-}
rPois   +          Reflect  .   P - +0 helmet
rElec   .          Harm     +   (no cloak)
rCorr   +          Rampage  .   s - +0 pair of gloves
Will    .....                   (no boots)
Stlth   +.........              (no amulet)
HPRegen 0.25/turn               g - ring of protection from cold
MPRegen 0.13/turn               V - ring of poison resistance

@: lethally poisoned (-8 -> -26), in a heavenly storm, glowing, studying 2
skills
A: ignite blood 2, sharp scales 2, weakness stinger 2
a: Renounce Religion, Wall Jump, Serpent's Lash, Heavenly Storm


You were on level 13 of the Dungeon.
You worshipped Wu Jian.
Wu Jian was extremely pleased with you.
You visited 2 branches of the dungeon, and saw 14 of its levels.
You also visited: Sewer and Bailey.

You collected 932 gold pieces.

Inventory:

Hand Weapons
 C - a +4 rapier of speed
 E - the +7 scimitar of the Median (weapon) {spect, rCorr Dex+4}
   (You found it on level 4 of the Dungeon)

   When its wielder attacks, the weapon's spirit leaps out and strikes again.
   The spirit shares a part of any damage it takes with its wielder.
   Dex:       It affects your dexterity (+4).
   rCorr:     It protects you from acid and corrosion.
 X - the +10 dagger "Fuotip" {protect, Dex+4}
   (You found it on level 8 of the Dungeon)

   It grants its wielder temporary protection when it strikes (+7 to AC).
   Dex:       It affects your dexterity (+4).
Missiles
 e - 47 poisoned darts (quivered)
 u - a throwing net
 D - a curare-tipped dart
 G - 3 javelins
 O - 12 boomerangs
Armour
 m - +0 acid dragon scales
 s - a +0 pair of gloves (worn)
 A - the +5 ring mail of Follow the Leader (worn) {Harm rPois rC-}
   (You found it on level 11 of the Dungeon)

   rC:        It makes you vulnerable to cold.
   rPois:     It protects you from poison.
   Harm:      It increases damage dealt and taken.
 H - +0 ice dragon scales
 P - a +0 helmet (worn)
 U - a +3 scale mail
 W - a +2 buckler (worn)
Magical Staves
 l - a staff of air
 r - a staff of fire
Jewellery
 g - a ring of protection from cold (left hand)
 F - a ring of ice
 V - a ring of poison resistance (right hand)
Wands
 h - a wand of iceblast (5)
 k - a wand of flame (6)
 N - a wand of paralysis (11)
 R - a wand of digging (7)
Scrolls
 a - 2 scrolls of immolation
 j - 2 scrolls of enchant weapon
 n - a scroll of brand weapon
 o - a scroll of magic mapping
 p - 2 scrolls of poison
 q - 4 scrolls of teleportation
 t - 6 scrolls of fear
 x - 4 scrolls of fog
 y - 3 scrolls of blinking
Potions
 b - a potion of invisibility
 c - a potion of mutation
 d - 3 potions of might
 f - 4 potions of lignification
 i - 8 potions of curing
 v - 7 potions of heal wounds
 w - 4 potions of haste
 z - 2 potions of ambrosia
 B - 4 potions of resistance
 J - 3 potions of attraction
 K - a potion of magic
 L - a potion of flight


   Skills:
 + Level 8.4 Fighting
 * Level 13.4 Long Blades
 - Level 3.5 Axes
 - Level 0.2 Throwing
 + Level 7.9 Armour
 + Level 2.5 Dodging
 * Level 6.2 Stealth
 * Level 5.9 Shields
 * Level 6.3 Evocations


You had 11 spell levels left.
You didn't know any spells.
Your spell library contained the following spells:

 Spells                   Type           Power      Damage    Failure   Level
 Passwall                 Tmut/Erth      0%         N/A       75%         2
 Searing Ray              Conj           0%         2d4       75%         2
 Static Discharge         Conj/Air       0%         N/A       75%         2
 Dazzling Flash           Conj/Hex       0%         N/A       93%         3
 Gell's Gravitas          Tloc           0%         N/A       93%         3
 Teleport Other           Tloc           0%         N/A       93%         3
 Corpse Rot               Necr/Pois/Air  0%         N/A       100%        4
 Dispel Undead            Necr           0%         3d6       100%        4
 Fulminant Prism          Conj/Hex       0%         3d6       100%        4
 Iskenderun's Mystic Bla  Conj/Tloc      0%         2d3       100%        4
 Sticky Flame             Conj/Fire      0%         2d3       100%        4
 Agony                    Necr           0%         N/A       100%        5
 Alistair's Intoxication  Tmut/Pois      0%         N/A       100%        5
 Iskenderun's Battlesphe  Conj           0%         2d6       100%        5
 Lee's Rapid Deconstruct  Erth           0%         3d5*      100%        5
 Lightning Bolt           Conj/Air       0%         1d11      100%        5
 Silence                  Hex/Air        0%         N/A       100%        5
 Death Channel            Necr           0%         N/A       100%        6
 Dispersal                Tloc           0%         N/A       100%        6
 Starburst                Conj/Fire      0%         6d3       100%        6
 Maxwell's Capacitive Co  Air            0%         ∞         100%        8
 Necromutation            Tmut/Necr      0%         N/A       100%        8


Dungeon Overview and Level Annotations

Branches:
Dungeon (13/15)            Temple (1/1) D:4            Lair (0/6) D:9
    Orc (0/2) D:11         Vaults (0/5) D:13          Sewer (visited)
 Bailey (visited)

Altars:
Cheibriados
Dithmenos
Elyvilon
Fedhas
Gozag
Hepliaklqana
Kikubaaqudgha
Makhleb
Qazlal
Ru
Sif Muna
Trog
Uskayaw
Vehumet
Wu Jian
Xom
Yredelemnul
Zin
The Shining One

Shops:
D:8 (

Annotations:
D:4 2 runed translucent doors
D:8 exclusion: statue


Innate Abilities, Weirdness & Mutations

Your demonic aura often causes spilled blood to erupt in flames.
You are mostly covered in razor-sharp scales. (AC +2, Slay +2)
You have a tail ending in a sharp stinger.


Message History

The meliai calls down the wrath of its god upon you.
Something smites you!
* * * LOW HITPOINT WARNING * * *
The meliai hits you but does no damage. You block the meliai's attack.
The meliai closely misses you. You block the meliai's attack.
The meliai hits you but does no damage. The meliai stings you!
* * * LOW HITPOINT WARNING * * *
You are poisoned.
The meliai poisons you!
You slash the meliai!
You tail-slap the meliai, but do no damage.
The meliai is heavily wounded.
Your +7 scimitar of the Median {spect, rCorr Dex+4} hits the meliai!!
You kill the meliai!
The Council accepts your kill.
* * * LOW HITPOINT WARNING * * *
You feel very sick. The meliai barely misses you.
The meliai closely misses your +7 scimitar of the Median {spect, rCorr Dex+4}.
The meliai stings you.
* * * LOW HITPOINT WARNING * * *
You are more poisoned.
The meliai poisons you! The meliai hits you but does no damage.
The meliai barely misses your +7 scimitar of the Median {spect, rCorr Dex+4}.
The meliai closely misses you.
You feel much better.
* * * LOW HITPOINT WARNING * * *
You feel very sick. The meliai hits you with a +0 hand axe.
* * * LOW HITPOINT WARNING * * *
You block the meliai's attack. x2
The meliai stings you but does no damage.
You hit the meliai.
The meliai is moderately wounded.
Your +7 scimitar of the Median {spect, rCorr Dex+4} hits the meliai!
* * * LOW HITPOINT WARNING * * *
You feel very sick.
The meliai mumbles some strange prayers to its god against you.
Something smites you!
You die...

#....# #####.
#######....### ......
#............####......
#...#####.............
#...# #.........###
##...# #.........#
.....# #....§§☼☼§#
.....# #....§y§°☼#
.....#####....§(@§§#
..............☼§☼§§#
..............☼☼§§§#
............(......#
...####............#
...# #########+#.# ...#
.# ...# .. .###


You could see a meliai and a friendly +7 scimitar of the Median {spect, rCorr
Dex+4} (summoned).

Vanquished Creatures
  A vault guard (D:13)
  A centaur warrior (D:12)
  2 boulder beetles
  4 two-headed ogres
  Nergalle (D:10)
  4 skeletal warriors
  A deep elf pyromancer (D:9)
  3 cyclopes
  4 manticores
  An ugly thing (D:11)
  2 gargoyles
  Psyche (D:8)
  An unseen horror (D:10)
  5 meliai (D:13)
  3 trolls
  3 spriggans (Bailey)
  5 yaks
  A wraith (D:12)
  2 wyverns (D:9)
  2 shadows
  Grum (D:8)
  A basilisk (D:9)
  A vampire (D:11)
  2 steam dragons
  5 vampire mosquitoes
  2 acid dragons
  5 orc warriors
  2 ice beasts
  2 black bears
  8 ogres
  3 wolves (D:8)
  5 centaurs
  2 phantoms
  6 kobold brigands
  A gnoll sergeant (D:6)
  7 bullfrogs
  6 necrophages
  6 scorpions
  4 wights (D:8)
  7 killer bees (D:9)
  3 howler monkeys
  7 electric eels
  5 hounds
  3 jellies
  A gnoll shaman (D:5)
  9 orc priests
  7 iguanas
  18 orc wizards
  The ghost of jlumianski the Skirmisher, a weakling DsFi of Wu Jian (D:5)
  16 gnolls
  9 adders
  6 river rats
  2 white imps
  3 ufetubi
  2 worms
  3 dart slugs (D:4)
  72 orcs
  18 ball pythons
  9 bats
  14 endoplasms
  3 giant cockroaches
  6 goblins
  6 hobgoblins
  2 jackals (D:2)
  31 kobolds
  7 quokkas
  2 frilled lizards
  27 rats
415 creatures vanquished.

Vanquished Creatures (others)
  An orc (D:8)
  A fungus (D:9)
  68 plants (D:8)
70 creatures vanquished.

Grand Total: 485 creatures vanquished

Notes
Turn   | Place    | Note
-------+----------+-------------------------------------------
     0 | D:1      | jlumianski the Demonspawn Fighter began the quest for the
                  | Orb.
     0 | D:1      | Reached XP level 1. HP: 18/18 MP: 1/1
   265 | D:1      | Gained mutation: Your demonic aura sometimes causes spilled
                  | blood to erupt in flames. [demonic ancestry]
   265 | D:1      | Reached XP level 2. HP: 20/24 MP: 2/2
   346 | D:1      | Upgraded the game from 0.29-a0-451-gfbfa42419e to
                  | 0.29-a0-459-g97dee8cd24
   955 | D:2      | Reached XP level 3. HP: 19/29 MP: 3/3
  1401 | D:2      | Found the +8 demon trident "Rift" {distort, reach+}
  1539 | D:2      | Found a faded altar of an unknown god.
  1605 | D:2      | Noticed a necrophage
  1615 | D:2      | Killed a necrophage
  1616 | D:2      | Reached XP level 4. HP: 33/35 MP: 4/4
  1787 | D:3      | Gained mutation: You are partially covered in razor-sharp
                  | scales. (AC +1, Slay +1) [demonic ancestry]
  1787 | D:3      | Reached XP level 5. HP: 41/41 MP: 5/5
  2450 | D:4      | Reached skill level 1 in Long Blades
  2472 | D:4      | Reached skill level 2 in Long Blades
  2476 | D:4      | Reached XP level 6. HP: 38/48 MP: 6/6
  2477 | D:4      | Found a staircase to the Ecumenical Temple.
  2497 | D:4      | Reached skill level 3 in Long Blades
  2520 | Temple   | Entered the Ecumenical Temple
  2738 | Temple   | Became a worshipper of the Wu Jian Council
  2964 | D:4      | Found a glowing drain.
  2968 | Sewer    | Entered a sewer
  3136 | Sewer    | Reached * piety under Wu Jian
  3466 | Sewer    | Gained mutation: You are mostly covered in razor-sharp
                  | scales. (AC +2, Slay +2) [demonic ancestry]
  3466 | Sewer    | Reached XP level 7. HP: 51/53 MP: 7/7
  3514 | Sewer    | Reached skill level 4 in Long Blades
  3845 | D:4      | Found a large runed translucent door.
  3846 | D:4      | Found a large runed translucent door.
  3866 | D:4      | Reached ** piety under Wu Jian
  3987 | D:3      | Reached skill level 5 in Long Blades
  4016 | D:4      | Found a large runed translucent door.
  4016 | D:4      | Found a large runed translucent door.
  4023 | D:4      | Got the Grimoire of Attacks
  4029 | D:4      | Identified the +7 scimitar of the Median {spect, rCorr
                  | Dex+4}
  4486 | D:5      | Entered Level 5 of the Dungeon
  4493 | D:5      | Reached XP level 8. HP: 60/60 MP: 8/8
  4537 | D:5      | Reached skill level 6 in Long Blades
  4729 | D:5      | Reached skill level 7 in Long Blades
  4736 | D:5      | Found a transporter.
  4741 | D:5      | Noticed jlumianski's ghost (weakling DsFi)
  4752 | D:5      | Found a transporter.
  5628 | D:5      | Killed jlumianski's ghost
  5759 | D:6      | Reached skill level 5 in Armour
  5831 | D:6      | Reached skill level 8 in Long Blades
  5832 | D:6      | Reached skill level 5 in Fighting
  5833 | D:6      | Gained mutation: Your demonic aura often causes spilled
                  | blood to erupt in flames. [demonic ancestry]
  5833 | D:6      | Reached XP level 9. HP: 64/68 MP: 9/9
  6363 | D:6      | Reached *** piety under Wu Jian
  6564 | D:6      | Reached skill level 1 in Stealth
  6882 | D:7      | Reached skill level 1 in Evocations
  6887 | D:7      | Noticed a gargoyle
  6892 | D:7      | Killed a gargoyle
  6893 | D:7      | Reached skill level 9 in Long Blades
  6918 | D:7      | Noticed a two-headed ogre
  6922 | D:7      | Killed a two-headed ogre
  7027 | D:7      | Identified the +7 trident "Himn" {vorpal, Str+2}
  7180 | D:7      | Reached XP level 10. HP: 60/76 MP: 10/10
  7589 | D:7      | Reached skill level 1 in Dodging
  7877 | D:7      | Found a shimmering blue altar of Sif Muna.
  8049 | D:8      | Reached skill level 10 in Long Blades
  8079 | D:8      | Reached **** piety under Wu Jian
  8094 | D:8      | Noticed Grum
  8106 | D:8      | Killed Grum
  8114 | D:8      | Noticed Psyche
  8127 | D:8      | Killed Psyche
  8447 | D:8      | Found Futtoegg's Weapon Boutique.
  8613 | D:8      | Identified the +10 dagger "Fuotip" {protect, Dex+4}
  8887 | D:8      | Found a radiant altar of Vehumet.
  9280 | D:9      | Found a flagged portal.
  9319 | Bailey   | Entered a bailey
  9683 | Bailey   | Noticed a two-headed ogre
  9693 | Bailey   | Killed a two-headed ogre
  9694 | Bailey   | Reached skill level 11 in Long Blades
  9694 | Bailey   | Gained mutation: You have a small tail. [demonic ancestry]
  9694 | Bailey   | Reached XP level 11. HP: 64/83 MP: 11/11
  9794 | Bailey   | Identified the +4 hunting sling of Mastery {flame, rPois
                  | Will+}
  9942 | D:9      | Noticed a deep elf pyromancer
  9947 | D:9      | Reached ***** piety under Wu Jian
  9950 | D:9      | Killed a deep elf pyromancer
 10224 | D:9      | Noticed a boulder beetle
 10234 | D:9      | Killed a boulder beetle
 10494 | D:9      | Got the Papyrus of Venomous Shape Shifting
 11199 | D:9      | Found a staircase to the Lair.
 11615 | D:10     | Entered Level 10 of the Dungeon
 11638 | D:10     | Noticed Nergalle
 11643 | D:10     | Killed Nergalle
 11644 | D:10     | Noticed a two-headed ogre
 11649 | D:10     | Killed a two-headed ogre
 11650 | D:10     | Reached skill level 5 in Stealth
 11906 | D:10     | Reached skill level 12 in Long Blades
 12302 | D:10     | Reached skill level 5 in Evocations
 13078 | D:11     | Noticed a two-headed ogre
 13084 | D:11     | Killed a two-headed ogre
 13085 | D:11     | Reached skill level 5 in Shields
 13277 | D:11     | Noticed a green ugly thing
 13293 | D:11     | Killed a green ugly thing
 13298 | D:11     | Gained mutation: You have a tail ending in a sharp stinger.
                  | [demonic ancestry]
 13298 | D:11     | Reached XP level 12. HP: 51/91 MP: 12/12
 13994 | D:11     | Identified the +5 ring mail of Follow the Leader {Harm
                  | rPois rC-}
 14018 | D:11     | Found a staircase to the Orcish Mines.
 14531 | D:12     | Noticed a centaur warrior
 14537 | D:12     | Killed a centaur warrior
 15300 | D:12     | Identified a scroll of acquirement
 15301 | D:12     | Acquired a manual of Fighting
 15467 | D:13     | Noticed a boulder beetle
 15484 | D:13     | Killed a boulder beetle
 15641 | D:13     | Reached skill level 13 in Long Blades
 15811 | D:13     | Reached ****** piety under Wu Jian
 16006 | D:13     | Found a gate to the Vaults.
 16006 | D:13     | Noticed a vault guard
 16017 | D:13     | Killed a vault guard
 16105 | D:13     | Killed from afar by a meliai

Illustrated notes

Levels and vault maps discovered:
D:1:      eino_arrival_tree_alley, layout_basic, hangedman_feature_mirror
D:2:      layout_basic, ebering_ecumenical_altar_sacrificial, minmay_circle_x
D:3:      layout_loops_ring, tso_oasis_becter, chequers_serial_rivers_marsh
D:4:      layout_loops_ring, minmay_temple_entry_slanted, gup_sewer_entry_bowl,
          minmay_hollow_rounded_squares
D:5:      layout_cave_pools, gammafunk_ghost_smash
D:6:      layout_layer_cave
D:7:      layout_loops_corners, nicolae_sif_muna_little_library,
          roderic_roman_lattice, hangedman_minor_gate_pass
D:8:      layout_loops_ring, vehumet_statue, serial_shops,
          nicolae_shop_waterfront, serial_bayou, serial_bayou_pond_a,
          serial_bayou_lagoon_a, serial_bayou_lagoon_b, serial_bayou_pond_c,
          uniq_grum, uniq_psyche
D:9:      minmay_distorted_concentric_squares, layout_irregular_city,
          david_lair_generic, lightli_bailey_entry_fortress,
          serial_park_tiny_pond, minivault_14, lightli_orcish_oven
D:10:     layout_long_grid, roderic_lattice_a, hangedman_abyss_or_decor_stagger,
          uniq_nergalle
D:11:     layout_stronghold, hiddenorc2_lemuel, mrwooster_statue_mirror
D:12:     layout_basic, evilmike_butchery
D:13:     layout_irregular_city, david_vaults_5, chequers_arboretum
Temple:   mainiacjoe_temple_bowtie_tessellation

Skill      XL: |  1  2  3  4  5  6  7  8  9 10 11 12 |
---------------+-------------------------------------+-----
Axes           | 2 3 |  3.5
Armour         | 3 4 5 6 7 |  7.9
Shields        | 3 4 5 |  5.9
Long Blades    | 2 3 5 8 9 11 12 13 | 13.4
Fighting       | 4 5 6 7 8 |  8.4
Stealth        | 2 4 5 6 |  6.2
Evocations     | 2 3 5 6 |  6.3
Dodging        | 2 |  2.5
Throwing       | |  0.2

Action                   |  1- 3 |  4- 6 |  7- 9 | 10-12 || total
-------------------------+-------+-------+-------+-------++-------
Melee: War axe           |   136 |    10 |       |       ||   146
       Long sword        |       |   156 |    50 |       ||   206
       Scimitar          |       |       |   123 |   350 ||   473
       Tailslap          |       |       |       |    41 ||    41
Throw: Dart              |     4 |       |       |     8 ||    12
Invok: Lunge             |       |     8 |    34 |    80 ||   122
       Whirlwind         |       |     7 |    12 |    38 ||    57
       Heavenly Storm    |       |       |       |     1 ||     1
 Abil: Wall Jump         |       |       |     7 |     8 ||    15
Evoke: Wand              |       |       |     1 |     1 ||     2
  Use: Scroll            |       |    18 |     3 |     9 ||    30
       Potion            |       |     1 |     1 |     4 ||     6
 Stab: Distracted        |       |       |     2 |     7 ||     9
       Sleeping          |       |       |       |     3 ||     3
Armor: Plate armour      |   129 |   132 |   104 |     4 ||   369
       Scale mail        |     2 |       |       |    44 ||    46
       Ring mail         |       |       |       |    27 ||    27
Dodge: Dodged            |    47 |    49 |    27 |    69 ||   192
Block: Buckler           |    38 |    52 |    48 |    93 ||   231

Table legend: (Time is in decaauts)
 A = Elapsed time spent in this place.
 B = Non-inter-level travel time spent in this place.
 C = Inter-level travel time spent in this place.
 D = Time resting spent in this place.
 E = Time spent auto-exploring this place.
 F = Levels seen in this place.
 G = Mean time per level.
                   A        B        C        D        E       F      G
               +--------+--------+--------+--------+--------+-----+--------+
         Total |  16350 |  16021 |    329 |   2380 |   8030 |  16 | 1021.9 |
       Dungeon |  14735 |  14406 |    329 |   1815 |   7650 |  13 | 1133.5 |
        Temple |    254 |    254 |      0 |      0 |    187 |   1 |  254.0 |
         Sewer |    820 |    820 |      0 |    269 |    159 |   1 |  820.0 |
        Bailey |    540 |    540 |      0 |    296 |     33 |   1 |  540.0 |
               +--------+--------+--------+--------+--------+-----+--------+

Top non-repeatable levels by time:
     D:9: 1901 daAuts
    D:10: 1539 daAuts
    D:11: 1245 daAuts
     D:8: 1201 daAuts
     D:7: 1185 daAuts
     D:4: 1156 daAuts
     D:6: 1134 daAuts
     D:5: 1081 daAuts
    D:12: 1059 daAuts
     D:1: 948 daAuts
     D:2: 874 daAuts
   Sewer: 820 daAuts
     D:3: 773 daAuts
    D:13: 633 daAuts
  Bailey: 540 daAuts
